 Dungeon Crawl Stone Soup version 0.27-a0-1191-g601b473118 (webtiles) character file.

Game seed: 13002031631117332255

55 flotson the Covert (level 3, -3/35 HPs)
             Began as a Gnoll Delver on May 24, 2021.
             Slain by a scorpion (4 damage)
             ... on level 4 of the Dungeon.
             The game lasted 00:01:16 (580 turns).

flotson the Covert (Gnoll Delver)                    Turns: 580, Time: 00:01:16

Health: -3/35      AC:  3    Str: 12    XL:     3   Next: 93%
Magic:  4/4        EV: 13    Int:  9    God:
Gold:   36         SH:  0    Dex: 13    Spells: 4/4 levels left

rFire    . . .     SeeInvis .   b - +3 sling "Punk" {acid, rCorr}
rCold    . . .     Faith    .   (no shield)
rNeg     . . .     Spirit   .   j - +0 leather armour
rPois    .         Reflect  .   (no helmet)
rElec    .         Harm     .   (no cloak)
rCorr    +         Rampage  .   (no gloves)
Will     .....                  (no boots)
Stlth    ++++......             (no amulet)
HPRegen  0.11/turn              (no ring)
MPRegen  0.09/turn              (no ring)

@: lethally poisoned (-3 -> -28), hasted, very quick
A: fangs 1, strong nose, distributed training
a: no special abilities


You were on level 4 of the Dungeon.
You visited 1 branch of the dungeon, and saw 2 of its levels.

You collected 36 gold pieces.

Inventory:

Hand Weapons
 a - a +0 trident
 b - the +3 sling "Punk" (weapon) {acid, rCorr}
   (You found it on level 4 of the Dungeon)

   It protects you from acid and corrosion.
Missiles
 k - 18 stones (quivered ammo)
Armour
 j - a +0 leather armour (worn)
Wands
 g - a wand of digging (3)
Scrolls
 c - a scroll of fog
 d - a scroll of magic mapping
 e - a scroll of fear
 i - 2 scrolls of identify {unknown}
Potions
 h - a potion of might {unknown}


   Skills:
 + Level 6.5 Fighting
 + Level 1.0 Short Blades
 + Level 1.0 Long Blades
 + Level 1.0 Axes
 + Level 1.0 Maces & Flails
 + Level 4.6 Polearms
 + Level 1.0 Staves
 + Level 1.0 Slings
 + Level 1.0 Bows
 + Level 1.0 Crossbows
 + Level 1.0 Throwing
 + Level 1.0 Armour
 + Level 4.6 Dodging
 + Level 9.5 Stealth
 + Level 1.0 Shields
 + Level 1.0 Unarmed Combat
 + Level 1.0 Spellcasting
 + Level 0.7 Conjurations
 + Level 0.7 Hexes
 + Level 0.7 Summonings
 + Level 0.7 Necromancy
 + Level 0.7 Translocations
 + Level 0.7 Transmutations
 + Level 0.7 Fire Magic
 + Level 0.7 Ice Magic
 + Level 0.7 Air Magic
 + Level 0.7 Earth Magic
 + Level 0.7 Poison Magic
 + Level 1.0 Invocations
 + Level 1.0 Evocations


You had 4 spell levels left.
You didn't know any spells.
Your spell library was empty.

Dungeon Overview and Level Annotations

Branches:
Dungeon (5/15)
 Temple: D:4-7

Altars:

Shops:
D:4 (


Innate Abilities, Weirdness & Mutations

You have very sharp teeth.
Your uncanny sense of smell can sniff out nearby items.
Your experience applies equally to all skills.


Message History

You shoot a stone. The stone closely misses the scorpion.
The scorpion stings you.
You are poisoned.
The scorpion poisons you! The scorpion stings you!
You shoot a stone. The stone closely misses the scorpion.
You feel very sick. The scorpion completely misses you.
The scorpion barely misses you.
You feel sick.
Fire: 22 stones
Press: ? - help, Q - select action Shift-Dir - straight line, f/p - scorpion
Aim: a scorpion (heavily wounded, 60% to hit)
You shoot a stone. The stone barely misses the scorpion.
You feel sick.
The scorpion stings you but does no damage.
Fire: 21 stones
Press: ? - help, Q - select action Shift-Dir - straight line, f/p - scorpion
Aim: a scorpion (heavily wounded, 60% to hit)
You shoot a stone. The stone closely misses the scorpion.
You feel sick. The scorpion barely misses you. The scorpion closely misses you.
Fire: 20 stones
Press: ? - help, Q - select action Shift-Dir - straight line, f/p - scorpion
Aim: a scorpion (heavily wounded, 60% to hit)
You shoot a stone.
The stone completely misses the scorpion.
You feel sick. The scorpion barely misses you.
Fire: 19 stones
Press: ? - help, Q - select action Shift-Dir - straight line, f/p - scorpion
Aim: a scorpion (heavily wounded, 60% to hit)
You shoot a stone. The stone closely misses the scorpion.
You feel sick. The scorpion stings you.
You are lethally poisoned!
The scorpion poisons you! The scorpion stings you.
* * * LOW HITPOINT WARNING * * *
You are more poisoned.
The scorpion poisons you!
You feel yourself speed up.
* * * LOW HITPOINT WARNING * * *
You feel extremely sick. The scorpion stings you.
You die...

..# ##+## # ##..#
##...## #. #(..#
##.....## #(.##.#.#
##.......##
###..#....###.........##
...(........+.........'.
#.......# #.........##
#s# #.......## ####@####
##.....## #.†.....#
##...## #.##.##.# ##'##
#.##.##.# #.# #.##.##.##
#.# #.##.....# ##.##
#.#####..# ##...####
#.#####..# #.......##
#........####........


You could see a scorpion.

Vanquished Creatures
  An orc priest (D:4)
  A hound skeleton (D:4)
  A dart slug (D:4)
  4 orcs
  An endoplasm (D:4)
  A hobgoblin (D:4)
9 creatures vanquished.

Vanquished Creatures (others)
  An orc wizard (D:4)
  An orc (D:4)
2 creatures vanquished.

Grand Total: 11 creatures vanquished

Notes
Turn   | Place    | Note
-------+----------+-------------------------------------------
     0 | D:5      | Reached skill level 9 in Stealth
     0 | D:5      | flotson the Gnoll Delver began the quest for the Orb.
     0 | D:5      | Reached XP level 1. HP: 23/23 MP: 1/1
    96 | D:5      | Noticed a centaur
   149 | D:4      | Reached XP level 2. HP: 29/29 MP: 2/2
   202 | D:4      | Found Suithri's Antique Weapon Shoppe.
   230 | D:4      | Found the +3 sling "Punk" {acid, rCorr}
   370 | D:4      | Reached skill level 1 in Short Blades
   370 | D:4      | Reached skill level 1 in Long Blades
   370 | D:4      | Reached skill level 1 in Axes
   370 | D:4      | Reached skill level 1 in Maces & Flails
   370 | D:4      | Reached skill level 1 in Staves
   370 | D:4      | Reached skill level 1 in Slings
   370 | D:4      | Reached skill level 1 in Bows
   370 | D:4      | Reached skill level 1 in Crossbows
   370 | D:4      | Reached skill level 1 in Throwing
   370 | D:4      | Reached skill level 1 in Armour
   370 | D:4      | Reached skill level 1 in Shields
   370 | D:4      | Reached skill level 1 in Unarmed Combat
   370 | D:4      | Reached skill level 1 in Spellcasting
   370 | D:4      | Reached skill level 1 in Invocations
   370 | D:4      | Reached skill level 1 in Evocations
   370 | D:4      | Reached XP level 3. HP: 25/35 MP: 2/4
   570 | D:4      | Noticed a scorpion
   580 | D:4      | HP: 1/35 [poisoned by a scorpion]
   580 | D:4      | Slain by a scorpion

Illustrated notes

Levels and vault maps discovered:
D:4:      layout_loops_corners, serial_shops, shop, lemuel_old_faithful
D:5:      layout_basic, hangedman_decor_lopped, kennysheep_generic_room_13

Skill      XL: |  1  2 |
---------------+-------+-----
Stealth        | |  9.5
Short Blades   | 1 |  1.0
Long Blades    | 1 |  1.0
Axes           | 1 |  1.0
Maces & Flails | 1 |  1.0
Staves         | 1 |  1.0
Slings         | 1 |  1.0
Bows           | 1 |  1.0
Crossbows      | 1 |  1.0
Throwing       | 1 |  1.0
Armour         | 1 |  1.0
Shields        | 1 |  1.0
Unarmed Combat | 1 |  1.0
Spellcasting   | 1 |  1.0
Invocations    | 1 |  1.0
Evocations     | 1 |  1.0
Fighting       | |  6.5
Polearms       | |  4.6
Dodging        | |  4.6
Conjurations   | |  0.7
Hexes          | |  0.7
Summonings     | |  0.7
Necromancy     | |  0.7
Translocations | |  0.7
Transmutations | |  0.7
Fire Magic     | |  0.7
Ice Magic      | |  0.7
Air Magic      | |  0.7
Earth Magic    | |  0.7
Poison Magic   | |  0.7

Action                   || total
-------------------------++-------
Melee: Spear             ||    12
       Bite              ||     2
 Fire: Fustibalus        ||    17
  Use: Potion            ||     1
 Stab: Sleeping          ||     2
Armor: Leather armour    ||     1
Dodge: Dodged            ||    11

Table legend: (Time is in decaauts)
 A = Elapsed time spent in this place.
 B = Non-inter-level travel time spent in this place.
 C = Inter-level travel time spent in this place.
 D = Time resting spent in this place.
 E = Time spent auto-exploring this place.
 F = Levels seen in this place.
 G = Mean time per level.
                   A        B        C        D        E       F      G
               +--------+--------+--------+--------+--------+-----+--------+
         Total |    583 |    477 |    106 |      0 |    397 |   2 |  291.5 |
       Dungeon |    583 |    477 |    106 |      0 |    397 |   2 |  291.5 |
               +--------+--------+--------+--------+--------+-----+--------+

Top non-repeatable levels by time:
     D:4: 445 daAuts
     D:5: 138 daAuts
